 Dungeon Crawl Stone Soup version 0.29-a0-275-g389c0b56f3 (webtiles) character file.

Game seed: 7673973169121737214

3737 dolemite99 the Severer (level 10, -1/79 HPs)
             Began as a Hill Orc Fighter on Mar 10, 2022.
             Was an Elder of Jiyva.
             Slain by a hornet (2 damage)
             ... while paralysed by a hornet
             ... on level 9 of the Dungeon.
             The game lasted 00:12:07 (7030 turns).

dolemite99 the Severer (Hill Orc Fighter)           Turns: 7030, Time: 00:12:08

Health: -1/79      AC: 13    Str: 24    XL:     10   Next: 15%
Magic:  13/13      EV:  2    Int: 10    God:    Jiyva [****..]
Gold:   57         SH:  0    Dex: 10    Spells: 9/9 levels left

rFire   + . .      SeeInvis .   a - +0 war axe
rCold   . . .      Faith    .   x - +0 kite shield
rNeg    . . .      Spirit   .   m - +0 chain mail
rPois   .          Reflect  .   q - +2 helmet
rElec   .          Harm     .   (no cloak)
rCorr   +          Rampage  .   u - +0 pair of gloves
Will    +....      Clarity  +   (no boots)
Stlth   ..........              I - amulet of magic regeneration
HPRegen 1.51/turn               j - ring of flight
MPRegen 0.93/turn               z - ring "Aruoxavu" {rF+ Slay+2, =R}

@: paralysed, mighty, lethally poisoned (-1 -> -2), flying, slowed
A: hooves 2, clarity, clever 1, high MP 3, strong-willed 1, wild magic 1,
MP-powered wands
a: Renounce Religion, Oozemancy, Slimify


You were on level 9 of the Dungeon.
You worshipped Jiyva.
Jiyva was greatly pleased with you.
You visited 1 branch of the dungeon, and saw 9 of its levels.

You collected 375 gold pieces.
You spent 318 gold pieces at shops.

Inventory:

Hand Weapons
 a - a +0 war axe (weapon)
 g - a +0 battleaxe
 n - a +0 hunting sling
 y - a +0 morningstar
 A - a +2 trident of pain
 H - a +0 whip of electrocution
 J - a +0 hand axe of venom
 N - a +2 flail of draining
Missiles
 k - 212 stones
 p - 4 atropa-tipped darts
 v - 7 poisoned darts (quivered)
Armour
 m - a +0 chain mail (worn)
 q - a +2 helmet (worn)
 u - a +0 pair of gloves (worn)
 x - a +0 kite shield (worn)
 B - a +0 kite shield
Jewellery
 j - a ring of flight (left hand)
 z - the ring "Aruoxavu" (right hand) {rF+ Slay+2, =R}
   (You found it on level 5 of the Dungeon)

   [ring of protection from fire]

   Slay:      It affects your accuracy & damage with ranged weapons and melee
   (+2).
   rF:        It protects you from fire.
 F - a ring of ice
 I - an amulet of magic regeneration (around neck)
Wands
 C - a wand of polymorph (8)
 G - a wand of iceblast (6)
 L - a wand of acid (1)
Scrolls
 b - a scroll of torment {unknown}
 c - a scroll of holy word {unknown}
 f - a scroll of noise {unknown}
 h - 2 scrolls of enchant armour {unknown}
 o - 7 scrolls of blinking
 r - a scroll of magic mapping {unknown}
 t - 2 scrolls of teleportation {unknown}
 M - a scroll of summoning
Potions
 e - 2 potions of mutation
 i - 2 potions of heal wounds
 l - a potion of invisibility {unknown}
 s - 3 potions of curing
 w - a potion of lignification {unknown}
 D - a potion of flight {unknown}
 E - a potion of degeneration {unknown}
 K - a potion of haste {unknown}


   Skills:
 + Level 4.2 Fighting
 - Level 15.3 Axes
 - Level 3.2 Armour
 - Level 9.2 Shields


You had 9 spell levels left.
You didn't know any spells.
Your spell library contained the following spells:

 Spells                   Type           Power      Damage    Failure   Level
 Slow                     Hex            0%         N/A       100%        1
 Searing Ray              Conj           0%         2d4       100%        2
 Confusing Touch          Hex            0%         N/A       100%        3
 Ignite Poison            Fire/Tmut/Pois 0%         N/A       100%        3
 Stone Arrow              Conj/Erth      0%         3d7       100%        3
 Vampiric Draining        Necr           0%         2d6       100%        3


Dungeon Overview and Level Annotations

Branches:
Dungeon (9/15)             Temple (0/1) D:6            Lair (0/6) D:8
    Orc: D:9-12

Altars:
Ashenzari
Cheibriados
Gozag
Hepliaklqana
Makhleb
Okawaru
Trog
Wu Jian
Yredelemnul
Jiyva

Shops:
D:8 ?

Portals:
Abyss: D:8

Annotations:
D:8 2 transporters, slippy's ghost, novice PaFi


Innate Abilities, Weirdness & Mutations

You have hoof-like feet.
You possess an exceptional clarity of mind.
Your mind is acute. (Int +2)
You have a greatly increased reservoir of magic. (+30% MP)
You are strong-willed. (Will+)
Your spells are a little harder to cast, but a little more powerful.
You expend magic power (3 MP) to strengthen your wands.


Message History

The centaur kicks you but does no damage.
The hornet stings you but does no damage.
You hear a distant slurping noise.
You feel better.
The centaur hits you but does no damage.
You block the centaur's attack.
The centaur hits you but does no damage.
The centaur closely misses you. The hornet closely misses you.
You block the centaur's attack.
The centaur kicks you but does no damage.
The centaur hits you but does no damage.
The centaur kicks you but does no damage.
You block the hornet's attack. The centaur attacks as you move away!
The centaur completely misses you. You block the centaur's attack.
The centaur attacks as you move away! The centaur completely misses you.
The centaur kicks you but does no damage.
The centaur wields a +0 shortbow.
The centaur shoots an arrow.
The arrow hits you!
The centaur wields a +0 shortbow.
The centaur shoots an arrow.
The arrow hits you but does no damage.
The centaur shoots an arrow.
The arrow hits you!
The hornet stings you but does no damage.
The hornet attacks as you move away! The hornet stings you.
* * * LOW HITPOINT WARNING * * *
You feel as though you will be slow longer.
The centaur shoots an arrow.
The arrow hits you!
* * * LOW HITPOINT WARNING * * *
The hornet stings you!
* * * LOW HITPOINT WARNING * * *
You are poisoned.
You feel as though you will be slow longer.
The centaur shoots an arrow.
The arrow hits you.
* * * LOW HITPOINT WARNING * * *
There is an open door here.
The hornet attacks as you move away! You block the hornet's attack.
You feel very sick. The hornet stings you.
* * * LOW HITPOINT WARNING * * *
You suddenly lose the ability to move!
The hornet stings you.
You die...

......#
#.............
#######
#......####+#
#......# #......#
#......# #..>...# .
#......# .^ +......#
... #....@.######
....
######y##...###.....
#....c.............
#................^.
#..................
#.............^^...
#.............^....
#..............J.^^
#.....##....##.....


You could see a hornet and a centaur.

Vanquished Creatures
  Erica (D:8)
  Pikel (D:6)
  A hornet (D:7)
  A shadow (D:7)
  2 wyverns
  2 ice beasts
  A sky beast (D:7)
  A black bear (D:2)
  A centaur (D:5)
  2 phantoms
  A lemure (D:6)
  2 kobold brigands
  Blork the orc (D:5)
  A gnoll sergeant (D:5)
  2 bullfrogs
  2 scorpions
  3 wights (D:8)
  7 killer bees
  5 hounds
  A gnoll shaman (D:8)
  An orc wizard (D:5)
  12 gnolls
  4 adders
  2 shadow imps
  A white imp (D:7)
  4 ufetubi
  4 dart slugs
  A worm (D:8)
  12 orcs
  3 ball pythons
  7 bats
  An endoplasm (D:1)
  5 giant cockroaches
  4 goblins
  6 hobgoblins
  8 jackals
  4 quokkas
  5 frilled lizards
  21 kobolds
  13 rats
156 creatures vanquished.

Vanquished Creatures (others)
  An ogre (D:4)
  2 kobold brigands
  A lemure (D:6)
  A scorpion (D:6)
  A killer bee (D:6)
  9 jellies
  2 orc wizards (D:7)
  2 adders (D:6)
  A white imp (D:7)
  6 orcs
  2 hobgoblins
  A ball python (D:4)
  4 kobolds
33 creatures vanquished.

Grand Total: 189 creatures vanquished

Notes
Turn   | Place    | Note
-------+----------+-------------------------------------------
     0 | D:1      | dolemite99 the Hill Orc Fighter began the quest for the
                  | Orb.
     0 | D:1      | Reached XP level 1. HP: 19/19 MP: 1/1
    22 | D:1      | Reached skill level 3 in Axes
    34 | D:1      | Reached XP level 2. HP: 23/26 MP: 2/2
    99 | D:1      | Reached skill level 4 in Axes
   367 | D:1      | Found a faded altar of an unknown god.
   380 | D:1      | Prayed at the altar of an unknown god.
   380 | D:1      | Became a worshipper of Jiyva Joblidgh the Shapeless
   380 | D:1      | Reached * piety under Jiyva
   494 | D:1      | Reached XP level 3. HP: 31/31 MP: 3/3
   853 | D:2      | Reached ** piety under Jiyva
  1087 | D:2      | Reached skill level 5 in Axes
  1361 | D:2      | Reached *** piety under Jiyva
  1646 | D:2      | Reached XP level 4. HP: 36/39 MP: 4/4
  1756 | D:3      | Reached skill level 6 in Axes
  1828 | D:3      | Noticed a kobold brigand
  1830 | D:3      | Noticed a kobold brigand
  2059 | D:3      | Gained mutation: You expend magic power (3 MP) to
                  | strengthen your wands. [Jiyva's grace]
  2059 | D:3      | Gained mutation: You have hidden genetic potential.
                  | [Jiyva's grace]
  2059 | D:3      | Gained mutation: You have great hidden genetic potential.
                  | [Jiyva's grace]
  2059 | D:3      | Gained mutation: You possess an exceptional clarity of
                  | mind. [Jiyva's grace]
  2088 | D:3      | Noticed a black bear
  2215 | D:2      | Killed a black bear
  2216 | D:2      | Reached skill level 7 in Axes
  2216 | D:2      | Reached XP level 5. HP: 27/45 MP: 5/5
  2226 | D:2      | Gained mutation: You have supernaturally acute eyesight.
                  | (SInv) [hidden potential]
  2235 | D:2      | Killed a kobold brigand
  2236 | D:2      | Reached skill level 8 in Axes
  2236 | D:2      | Reached XP level 6. HP: 51/51 MP: 6/6
  2465 | D:3      | Gained mutation: You are partially covered in large bone
                  | plates. (SH +4) [hidden potential]
  2465 | D:3      | Lost mutation: You have great hidden genetic potential.
                  | [hidden potential expressed]
  2490 | D:3      | Got the Reference Book on Cankerous Arcane Weapons
  2816 | D:4      | Reached **** piety under Jiyva
  3100 | D:4      | Found a bloodstained altar of Trog.
  3101 | D:4      | Found an opulent altar of Gozag.
  3101 | D:4      | Found an ornate altar of the Wu Jian Council.
  3548 | D:5      | Entered Level 5 of the Dungeon
  3577 | D:5      | Reached skill level 9 in Axes
  3661 | D:5      | Reached XP level 7. HP: 56/57 MP: 4/7
  3896 | D:5      | Reached skill level 10 in Axes
  3912 | D:5      | Gained mutation: Your spells are a little harder to cast,
                  | but a little more powerful. [hidden potential]
  3922 | D:5      | Found a burning altar of Makhleb.
  3975 | D:5      | Reached skill level 11 in Axes
  3996 | D:5      | Noticed Blork the orc
  4007 | D:5      | Killed Blork the orc
  4112 | D:5      | Identified the ring "Aruoxavu" {rF+ Slay+2}
  4123 | D:5      | Found a hazy altar of Hepliaklqana.
  4143 | D:5      | Reached XP level 8. HP: 64/64 MP: 8/8
  4176 | D:5      | Reached skill level 12 in Axes
  4251 | D:5      | Gained mutation: You are strong-willed. (Will+) [Jiyva's
                  | grace]
  4251 | D:5      | Gained mutation: You are highly strong-willed. (Will++)
                  | [Jiyva's grace]
  4251 | D:5      | Gained mutation: You are extremely strong-willed. (Will+++)
                  | [Jiyva's grace]
  4251 | D:5      | Gained mutation: Your mind is acute. (Int +2) [Jiyva's
                  | grace]
  4498 | D:6      | Reached ***** piety under Jiyva
  4641 | D:6      | Found a staircase to the Ecumenical Temple.
  4681 | D:6      | Noticed Pikel
  4706 | D:6      | Killed Pikel
  4707 | D:6      | Reached skill level 14 in Axes
  4880 | D:6      | Found a broken altar of Ashenzari.
  5105 | D:6      | Reached XP level 9. HP: 70/70 MP: 9/9
  5222 | D:7      | Noticed a hornet
  5228 | D:7      | Killed a hornet
  5229 | D:7      | Reached skill level 15 in Axes
  5231 | D:7      | Gained mutation: You have large cloven feet. [hidden
                  | potential]
  5231 | D:7      | Lost mutation: You have hidden genetic potential. [hidden
                  | potential expressed]
  5340 | D:7      | Found an iron altar of Okawaru.
  5840 | D:7      | Lost mutation: You are partially covered in large bone
                  | plates. (SH +4) [Jiyva's grace]
  5840 | D:7      | Lost mutation: You have supernaturally acute eyesight.
                  | (SInv) [Jiyva's grace]
  5840 | D:7      | Lost mutation: You are extremely strong-willed. (Will+++)
                  | [Jiyva's grace]
  5840 | D:7      | Lost mutation: You are highly strong-willed. (Will++)
                  | [Jiyva's grace]
  5840 | D:7      | Gained mutation: You have an increased reservoir of magic.
                  | (+10% MP) [Jiyva's grace]
  5840 | D:7      | Gained mutation: You have a considerably increased
                  | reservoir of magic. (+20% MP) [Jiyva's grace]
  5840 | D:7      | Gained mutation: You have a greatly increased reservoir of
                  | magic. (+30% MP) [Jiyva's grace]
  5840 | D:7      | Gained mutation: You have hoof-like feet. [Jiyva's grace]
  6209 | D:8      | Found a transporter.
  6267 | D:8      | Reached skill level 5 in Shields
  6364 | D:8      | Found a snail-covered altar of Cheibriados.
  6392 | D:8      | Noticed an ancient zyme
  6392 | D:8      | Noticed a thrashing horror
  6400 | D:8      | Noticed a toenail golem
  6442 | D:8      | Found a basalt altar of Yredelemnul.
  6530 | D:8      | Found Aloro's Magic Scroll Emporium.
  6538 | D:8      | Bought a scroll of blinking for 90 gold pieces
  6538 | D:8      | Bought a scroll of blinking for 90 gold pieces
  6538 | D:8      | Bought a scroll of summoning for 114 gold pieces
  6538 | D:8      | Bought a scroll of identify for 24 gold pieces
  6636 | D:8      | Found a transporter.
  6636 | D:8      | Found a one-way gate to the infinite horrors of the Abyss.
  6636 | D:8      | Noticed slippy's ghost (novice PaFi)
  6768 | D:8      | Found a staircase to the Lair.
  6835 | D:8      | Noticed Erica
  6841 | D:8      | Killed Erica
  6842 | D:8      | Reached XP level 10. HP: 77/77 MP: 3/13
  7023 | D:9      | Paralysed by a hornet for 2 turns
  7030 | D:9      | HP: 3/79 [poisoned by a hornet]
  7030 | D:9      | HP: 1/79 [hornet (2)]
  7030 | D:9      | Paralysed by a hornet for 2 turns
  7030 | D:9      | Slain by a hornet

Illustrated notes

Levels and vault maps discovered:
D:1:      spicycebolla_arrival_xxxplode, layout_basic,
          dreamdust_ecumenical_altar_statues
D:2:      layout_basic, grunt_ministairs_13
D:3:      cheibrodos_thug_alley, layout_loops_cross
D:4:      layout_loops_corners, chequers_temple_overflow_statue_of_worship,
          minmay_cut_off
D:5:      wad_pebble_path, layout_cave_pools, lemuel_crystal_altar,
          marbit_many_paths, kennysheep_opposing_triangles, uniq_blork_the_orc
D:6:      layout_gridville, mainiacjoe_overflow_alcove_2,
          minmay_temple_entry_ruins, uniq_pikel
D:7:      layout_loops_corners, mainiacjoe_overflow_24_doors
D:8:      layout_cave_pods, slow_altar_2, mainiacjoe_overflow_small_starburst,
          lair_entry_dummy, gammafunk_ghost_abyssal_escape, serial_shops, shop,
          uniq_erica
D:9:      layout_stronghold, mainiacjoe_overflow_boulevard,
          mainiacjoe_overflow_alcove_1, minmay_holes

Skill      XL: |  1  2  3  4  5  6  7  8  9 10 |
---------------+-------------------------------+-----
Axes           | 3 4 5 7 8 9 11 14 15 | 15.3
Shields        | 9 |  9.2
Fighting       | 4 |  4.2
Armour         | |  3.2

Action                   |  1- 3 |  4- 6 |  7- 9 | 10-12 || total
-------------------------+-------+-------+-------+-------++-------
Melee: War axe           |   123 |   127 |   158 |     5 ||   413
       Kick              |       |       |    11 |     2 ||    13
Throw: Stone             |    10 |     4 |       |       ||    14
       Dart              |       |       |    21 |     4 ||    25
Invok: Oozemancy         |       |     1 |     8 |       ||     9
Evoke: Wand              |       |       |     4 |       ||     4
  Use: Scroll            |       |     3 |     2 |       ||     5
       Potion            |       |       |     1 |     3 ||     4
Armor: Scale mail        |    22 |       |       |       ||    22
       Chain mail        |    55 |   110 |    79 |    41 ||   285
Dodge: Dodged            |    56 |    56 |    41 |    12 ||   165
Block: Buckler           |    29 |    27 |       |       ||    56
       Kite shield       |       |    36 |    89 |    26 ||   151

Table legend: (Time is in decaauts)
 A = Elapsed time spent in this place.
 B = Non-inter-level travel time spent in this place.
 C = Inter-level travel time spent in this place.
 D = Time resting spent in this place.
 E = Time spent auto-exploring this place.
 F = Levels seen in this place.
 G = Mean time per level.
                   A        B        C        D        E       F      G
               +--------+--------+--------+--------+--------+-----+--------+
         Total |   7104 |   6880 |    224 |    611 |   4556 |   9 |  789.3 |
       Dungeon |   7104 |   6880 |    224 |    611 |   4556 |   9 |  789.3 |
               +--------+--------+--------+--------+--------+-----+--------+

Top non-repeatable levels by time:
     D:2: 1235 daAuts
     D:7: 931 daAuts
     D:5: 838 daAuts
     D:6: 834 daAuts
     D:1: 825 daAuts
     D:4: 814 daAuts
     D:8: 808 daAuts
     D:3: 748 daAuts
     D:9: 68 daAuts
